 Dungeon Crawl Stone Soup version 0.21-a0-84-g85d6d27 (console) character file.

35 Ar the Magician (level 3, -2/24 HPs)
             Began as a Demonspawn Wizard on June 29, 2017.
             Slain by a quokka (3 damage)
             ... on level 1 of the Dungeon.
             The game lasted 00:07:03 (2234 turns).

Ar the Magician (Demonspawn Wizard)                 Turns: 2234, Time: 00:07:04

Health: -2/24      AC:  3    Str:  7    XL:     3   Next: 16%
Magic:  0/8        EV: 12    Int: 20    God:
Gold:   88         SH:  0    Dex: 11    Spells: 4/9 levels left

rFire    + . .     SeeInvis .   b - -3 hunting sling (curse)
rCold    . . .     Gourm    .   (no shield)
rNeg     . . .     Faith    .   j - +0 robe
rPois    .         Spirit   .   f - +1 hat
rElec    .         Reflect  .   (no cloak)
rCorr    .         Harm     .   (no gloves)
MR       .....                  (no boots)
Stlth    ++........             (no amulet)
HPRegen  0.08/turn              (no ring)
MPRegen  0.11/turn              (no ring)

@: no status effects
A: fire resistance 1, powered by pain 1
a: no special abilities


You were on level 1 of the Dungeon.
You were not hungry.

You visited 1 branch of the dungeon, and saw 2 of its levels.

You collected 88 gold pieces.

Inventory:

Hand Weapons
 a - a +0 dagger
 b - a cursed -3 hunting sling (weapon)
 i - a +0 club
Missiles
 m - 32 poisoned needles
Armour
 f - a +1 hat (worn)
 j - a +0 robe (worn)
 q - a +0 ring mail
 r - a +0 leather armour
Scrolls
 l - a scroll of blinking
Potions
 e - a potion of haste
 h - a potion of brilliance
 n - a potion of ambrosia {unknown}
 o - a potion of flight {unknown}
Books
 c - a book of Minor Magic

   Spells                             Type                      Level
   a - Magic Dart                     Conjuration                  1
   b - Blink                          Translocation                2
   c - Call Imp                       Summoning                    2
   d - Slow                           Hexes                        2
   e - Conjure Flame                  Conjuration/Fire             3
   f - Mephitic Cloud                 Conjuration/Poison/Air       3
Comestibles
 d - a bread ration
 g - a fruit
 k - a royal jelly
 p - a chunk of flesh


   Skills:
 - Level 1.7 Dodging
 - Level 1.7 Stealth
 + Level 3.7 Spellcasting
 - Level 1.0 Conjurations
 * Level 2.0 Summonings
 - Level 0.8 Translocations


You had 4 spell levels left.
You knew the following spells:

 Your Spells              Type           Power        Failure   Level  Hunger
b - Blink                 Tloc           N/A          14%         2    ##.....
d - Magic Dart            Conj           #...         9%          1    None
i - Call Imp              Summ           ##......     9%          2    ##.....


Dungeon Overview and Level Annotations

Branches:
Dungeon (2/15)

Altars:


Innate Abilities, Weirdness & Mutations

Your flesh is heat resistant. (rF+)
You sometimes gain a little power by taking damage.


Message History

The quokka bites you.
Your shadow imp barely misses the quokka.
The quokka bites you.
* * * LOW HITPOINT WARNING * * *
Unknown command.
Casting: Call Imp
Confirm with . or Enter, or press ? or * to list all spells.
Aiming: Magic Dart
Press: ? - help, Shift-Dir - straight line, f/p - quokka
Aim: a quokka (moderately wounded)
The magic dart hits the quokka.
The quokka is heavily wounded.
The quokka bites you.
* * * LOW HITPOINT WARNING * * *
Your shadow imp hits the quokka but does no damage.
The quokka bites you.
* * * LOW HITPOINT WARNING * * *
Your shadow imp barely misses the quokka.
The quokka bites you.
You die...

#.##...######...######...##.# #
#.###'## ##>## ##'###.# # #.#
#..### ### ###..# #.# # #.#
##...#### ####...## #.# # #.#
###....#####....### #.# # #.#
####...#...#### #.# # #.#
###...### #.# # #.######
##.############.# #
#......######.@.............###
######.......r5................
##########################


You could see a quokka and a friendly shadow imp.

Vanquished Creatures
  An ooze (D:1)
  A dart slug (D:1)
  2 bats
  5 goblins
  2 hobgoblins (D:1)
  2 jackals (D:1)
  3 kobolds (D:1)
  A frilled lizard (D:1)
  4 rats (D:1)
21 creatures vanquished.

Vanquished Creatures (collateral kills)
  A worm (D:1)
  A hobgoblin (D:1)
  A jackal (D:1)
  A kobold (D:1)
4 creatures vanquished.

Grand Total: 25 creatures vanquished

Notes
Turn   | Place    | Note
-------+----------+-------------------------------------------
     0 | D:1      | Ar the Demonspawn Wizard began the quest for the Orb.
     0 | D:1      | Reached XP level 1. HP: 13/13 MP: 4/4
   222 | D:1      | Gained mutation: Your flesh is heat resistant. (rF+) [demonic ancestry]
   222 | D:1      | Reached XP level 2. HP: 5/19 MP: 1/6
   226 | D:1      | Learned a level 2 spell: Call Imp
   229 | D:1      | Learned a level 2 spell: Blink
  1792 | D:1      | Gained mutation: You sometimes gain a little power by taking damage. [demonic ancestry]
  1792 | D:1      | Reached XP level 3. HP: 24/24 MP: 5/8
  2233 | D:1      | HP: 1/24 [quokka (2)]
  2234 | D:1      | Slain by a quokka

Vault maps used:
D:1:      minmay_arrival_split_and_join

Skill      XL: |  1  2  3 |
---------------+----------+-----
Summonings     | 2 |  2.0
Dodging        | |  1.7
Stealth        | |  1.7
Spellcasting   | |  3.7
Conjurations   | |  1.0
Translocations | |  0.8

Action                   || total
-------------------------++-------
Melee: Hunting sling     ||    11
 Cast: Magic Dart        ||    91
       Call Imp          ||     7
  Use: Scroll            ||     7
  Eat: Chunk             ||     4
Armor: Robe              ||     9
Dodge: Dodged            ||    36
